 Dungeon Crawl Stone Soup version 0.25.0-46-gbd7b0854d2 (webtiles) character file.

Game seed: 10516994012543765051

54 Fascinator the Skirmisher (level 3, 0/30 HPs)
             Began as a Demonspawn Fighter on July 15, 2020.
             Slain by Crazy Yiuf
             ... wielding a +3 quarterstaff of chaos
              (6 damage)
             ... on level 2 of the Dungeon.
             The game lasted 00:03:24 (1386 turns).

Fascinator the Skirmisher (Demonspawn Fighter)      Turns: 1386, Time: 00:03:25

Health: 0/30       AC:  9    Str: 17    XL:     3   Next: 66%
Magic:  3/3        EV:  4    Int:  9    God:
Gold:   105        SH:  9    Dex: 12    Spells: 2/2 levels left

rFire    . . .     SeeInvis .   a - +0 war axe
rCold    + . .     Gourm    .   c - +0 kite shield
rNeg     . . .     Faith    .   o - +0 chain mail
rPois    .         Spirit   .   (no helmet)
rElec    .         Reflect  .   (no cloak)
rCorr    .         Harm     .   (no gloves)
MR       .....                  (no boots)
Stlth    ..........             l - amulet of the acrobat
HPRegen  0.10/turn              (no ring)
MPRegen  0.08/turn              (no ring)

@: lethally poisoned (0 -> -10)
A: cold resistance 1
a: no special abilities


You were on level 2 of the Dungeon.
You were not hungry.

You visited 1 branch of the dungeon, and saw 2 of its levels.

You collected 105 gold pieces.

Inventory:

Hand Weapons
 a - a +0 war axe (weapon)
Armour
 b - a +0 scale mail
 c - a +0 kite shield (worn)
 o - a +0 chain mail (worn)
Jewellery
 l - an amulet of the acrobat (around neck)
Scrolls
 e - a scroll of amnesia {unknown}
 h - a scroll of blinking {unknown}
 i - a scroll of identify {unknown}
 m - a scroll of remove curse {unknown}
 n - a scroll of magic mapping {unknown}
Potions
 d - a potion of might
 j - 2 potions of degeneration {unknown}
 k - a potion of curing {unknown}
Comestibles
 f - 5 rations
 g - a chunk of flesh


   Skills:
 * Level 3.9 Fighting
 - Level 1.7 Axes
 + Level 2.9 Armour
 + Level 0.7 Dodging
 + Level 3.2 Shields


You had 2 spell levels left.
You didn't know any spells.
Your spell library was empty.

Dungeon Overview and Level Annotations

Branches:
Dungeon (2/15)

Altars:

Annotations:
D:2 Crazy Yiuf


Innate Abilities, Weirdness & Mutations

Your flesh is cold resistant. (rC+)


Message History

Crazy Yiuf whimpers, "Shadow!"
You open the door. You slash Crazy Yiuf!
Crazy Yiuf is heavily wounded.
Crazy Yiuf hits you with a +3 quarterstaff of chaos.
You are poisoned.
Crazy Yiuf hits you but does no damage.
Your chain mail prevents you from hitting Crazy Yiuf.
Crazy Yiuf is heavily wounded.
You feel sick.
Crazy Yiuf hits you with a +3 quarterstaff of chaos!
You slash Crazy Yiuf!
Crazy Yiuf is almost dead.
You feel sick.
Crazy Yiuf hits you with a +3 quarterstaff of chaos!
* * * LOW HITPOINT WARNING * * *
Crazy Yiuf draws strength from your wounds!
Crazy Yiuf says, "Island alas poople!"
Crazy Yiuf hits you with a +3 quarterstaff of chaos.
You die...

# #.......)..
#####.........
##............
..<÷.....#
.........#
.........#
.........# ###
♣♣#### ......##.#
#)..#♣♣ ♣♣P#..##
.....## .#
#...g@♣♣♣♣PP....#
..#### .#
#...#♣..♣.PP....#
..# .# ###
♣♣♣.♣..#...# ..#
.# ♣♣♣♣♣##.##
..### #.# ....#
#.# ....# ##.#
##..# # #..#
##.### #. # ##.##


You could see Crazy Yiuf.

Vanquished Creatures
  An adder (D:2)
  2 worms (D:2)
  2 leopard geckos
  5 giant cockroaches
  4 hobgoblins
  8 bats
  7 frilled lizards
  3 goblins
  3 kobolds
  4 rats
39 creatures vanquished.

Notes
Turn   | Place    | Note
-------+----------+-------------------------------------------
     0 | D:1      | Fascinator the Demonspawn Fighter began the quest for the
                  | Orb.
     0 | D:1      | Reached XP level 1. HP: 18/18 MP: 1/1
   172 | D:1      | Gained mutation: Your flesh is cold resistant. (rC+)
                  | [demonic ancestry]
   172 | D:1      | Reached XP level 2. HP: 21/24 MP: 2/2
   750 | D:2      | Reached XP level 3. HP: 27/30 MP: 3/3
  1379 | D:2      | Found a runed translucent door.
  1380 | D:2      | Noticed Crazy Yiuf
  1386 | D:2      | Slain by Crazy Yiuf

Illustrated notes

Levels and vault maps discovered:
D:1:      dpeg_arrival_erosion, layout_rooms, roderic_roman_lattice,
          hangedman_decor_points, minmay_misc_feat_five
D:2:      cheibrodos_helix_gallery, layout_rooms, glass_columns_a, uniq_natasha,
          uniq_crazy_yiuf_cottage

Skill      XL: |  1  2 |
---------------+-------+-----
Shields        | 3 |  3.2
Fighting       | |  3.9
Axes           | |  1.7
Armour         | |  2.9
Dodging        | |  0.7

Action                   || total
-------------------------++-------
Melee: War axe           ||   134
  Eat: Chunk             ||     2
Armor: Scale mail        ||    68
       Chain mail        ||     4
Dodge: Dodged            ||    40
Block: Kite shield       ||    80
